 Dungeon Crawl Stone Soup version 0.20.1-1-g8b1a95d (webtiles) character file.

23 Monsterracer the Insei (level 2, 0/22 HPs)
             Began as a Demigod Transmuter on Aug 9, 2017.
             Slain by a leopard gecko (4 damage)
             ... on level 1 of the Dungeon.
             The game lasted 00:01:09 (905 turns).

Monsterracer the Insei (Demigod Transmuter)          Turns: 905, Time: 00:01:10

Health: 0/22       AC:  2    Str: 13    XL:     2   Next: 57%
Magic:  7/7        EV: 12    Int: 17    God:
Gold:   36         SH:  0    Dex: 16    Spells: 1/4 levels left

rFire    . . .     SeeInvis .     - Unarmed
rCold    . . .     Gourm    .   (no shield)
rNeg     . . .     Faith    .   b - +0 robe
rPois    .         Spirit   .   (no helmet)
rElec    .         Reflect  .   (no cloak)
rCorr    .         Harm     .   (no gloves)
MR       .....                  (no boots)
Stlth    +.........             (no amulet)
Regen    0.1/turn               (no ring)
MPRegen  0.1/turn               (no ring)

@: appendage (expiring)
A: horns 2, high mp 1
a: End Transformation


You were on level 1 of the Dungeon.
You were not hungry.
You had grown temporary horns.
You visited 1 branch of the dungeon, and saw 1 of its levels.

You collected 36 gold pieces.

Inventory:

Missiles
 a - 27 arrows
Armour
 b - a +0 robe (worn)
Scrolls
 e - a scroll of magic mapping {unknown}
Books
 c - a book of Changes

   Spells                             Type                      Level
   a - Beastly Appendage              Transmutation                1
   b - Sticks to Snakes               Transmutation                2
   c - Spider Form                    Transmutation/Poison         3
   d - Ice Form                       Ice/Transmutation            4
   e - Blade Hands                    Transmutation                5
Comestibles
 d - a bread ration


   Skills:
 - Level 0.8 Fighting
 - Level 1.7 Dodging
 + Level 3.2 Unarmed Combat
 - Level 1.7 Spellcasting
 + Level 2.4 Transmutations


You had one spell level left.
You knew the following spells:

 Your Spells              Type           Power        Failure   Level  Hunger
a - Beastly Appendage     Tmut           #.....       8%          1    #......
b - Sticks to Snakes      Tmut           #.......     11%         2    ###....


Dungeon Overview and Level Annotations

Branches:
Dungeon (1/15)


Innate Abilities, Weirdness & Mutations

You have an increased reservoir of magic. (+10% MP)
You have a pair of horns on your head.


Message History

Damage: -5%(-1hp) hp: 23%(5hp) Unknown command.
You barely miss the leopard gecko.
The leopard gecko is moderately wounded.
The leopard gecko bites you but does no damage.
The rat closely misses you.
You barely miss the leopard gecko. Your headbutt misses the leopard gecko.
The leopard gecko is moderately wounded.
The leopard gecko barely misses you. The rat closely misses you.
You closely miss the leopard gecko. Your headbutt misses the leopard gecko.
The leopard gecko is moderately wounded.
The leopard gecko bites you.
* * * LOW HITPOINT WARNING * * *
Damage: -4%(-1hp) hp: 19%(4hp) Unknown command.
You miss the leopard gecko.
The leopard gecko is moderately wounded.
Your transformation is almost over.
The rat barely misses you. The leopard gecko bites you.
You die...

####### ......# #######
#####.#######+####.......
....... ....>...........
#####.# #.....#.....)..
#####.# #..............
#.....# #......l.......
.....## #.....@rb......
..##.# #.....##...)..)
..##'######....(# .......
..#.......#.....# .......
..#.......#...(.# .......
###.......###÷### #......
.†...###....#.#####......
.......+....+.....+......
.#######....#.#####


You could see a leopard gecko, a bat and a rat.

Vanquished Creatures
  An ooze (D:1)
  A dart slug (D:1)
  A leopard gecko (D:1)
  A giant cockroach (D:1)
  3 goblins (D:1)
  2 hobgoblins (D:1)
  2 kobolds (D:1)
  3 bats (D:1)
  A frilled lizard (D:1)
  A rat (D:1)
16 creatures vanquished.

Notes
Turn   | Place    | Note
-------+----------+-------------------------------------------
     0 | D:1      | Monsterracer the Demigod Transmuter began the quest for the Orb.
     0 | D:1      | Reached XP level 1. HP: 15/15 MP: 5/5
    23 | D:1      | HP: 7/15 [goblin/dagger (2)]
   199 | D:1      | HP: 5/15 [hobgoblin (4)]
   300 | D:1      | Reached skill level 3 in Unarmed Combat
   479 | D:1      | Reached XP level 2. HP: 16/22 MP: 5/7
   511 | D:1      | Learned a level 2 spell: Sticks to Snakes
   687 | D:1      | HP: 8/22 [ooze (4)]
   899 | D:1      | HP: 10/22 [leopard gecko (2)]
   904 | D:1      | HP: 4/22 [leopard gecko (1)]
   905 | D:1      | Slain by a leopard gecko

Skill      XL: |  1 |
---------------+----+-----
Transmutations | 2 |  2.4
Unarmed Combat | 3 |  3.2
Fighting       | |  0.8
Dodging        | |  1.7
Spellcasting   | |  1.7

Action                   || total
-------------------------++-------
Melee: Unarmed           ||    57
       Headbutt          ||     6
       Kick              ||     1
 Cast: Beastly Appendage ||     8
Armor: Robe              ||    18
Dodge: Dodged            ||    51
